 Dungeon Crawl Stone Soup version 0.29.1-15-g9cfb28693d (webtiles) character file.

Game seed: 2994526511655330585

2 4Burning the Firebug (level 1, -3/13 HPs)
             Began as a Human Fire Elementalist on Mar 16, 2023.
             Slain by an orc wizard
             ... wielding a +0 dagger
              (4 damage)
             ... on level 2 of the Dungeon.
             The game lasted 00:02:28 (167 turns).

4Burning the Firebug (Human Fire Elementalist)       Turns: 167, Time: 00:02:28

Health: -3/13      AC:  2    Str:  8    XL:     1   Next: 44%
Magic:  1/3        EV: 12    Int: 15    God:
Gold:   12         SH:  0    Dex: 13    Spells: 3/4 levels left

rFire   . . .      SeeInvis .   (no weapon)
rCold   . . .      Faith    .   (no shield)
rNeg    . . .      Spirit   .   a - +0 robe
rPois   .          Reflect  .   (no helmet)
rElec   .          Harm     .   (no cloak)
rCorr   .          Rampage  .   (no gloves)
Will    .....                   (no boots)
Stlth   ++........              (no amulet)
HPRegen 0.04/turn               (no ring)
MPRegen 0.08/turn               (no ring)

@: no status effects
A: no striking features
a: no special abilities


You were on level 2 of the Dungeon.
You visited 1 branch of the dungeon, and saw 2 of its levels.

You collected 12 gold pieces.

Inventory:

Armour
 a - a +0 robe (worn)
Potions
 b - a potion of magic


   Skills:
 + Level 2.0 Dodging
 + Level 2.0 Stealth
 + Level 2.1 Spellcasting
 + Level 1.0 Conjurations
 + Level 3.0 Fire Magic


You had 3 spell levels left.
You knew the following spells:

 Your Spells              Type           Power      Damage    Failure   Level
a - Foxfire               Conj/Fire      28%        2x1d5     10%         1

Your spell library contained the following spells:

 Spells                   Type           Power      Damage    Failure   Level
 Scorch                   Fire           20%        2d6       10%         2
 Conjure Flame            Conj/Fire      7%         6-21      28%         3
 Inner Flame              Hex/Fire       6%         N/A       34%         3
 Flame Wave               Conj/Fire      7%         2d5       67%         4


Dungeon Overview and Level Annotations

Branches:
Dungeon (2/15)

Altars:


Message History

You conjure some foxfire!
The orc wizard casts a spell at you. You resist with significant effort.
Your foxfire dissipates!
Found 6 stones.
The foxfire hits the orc.
You kill the orc!
A kobold comes into view. It is wielding a +0 vampiric whip.
The kobold shouts!
Casting: Foxfire (safe; 10% risk of failure)
Press: ? - help, Q - select action Dir - look around, f - activate You conjure some foxfire!
Your foxfire dissipates!
The orc wizard gestures at you while chanting.
You resist with significant effort.
Casting: Foxfire (safe; 10% risk of failure)
Press: ? - help, Q - select action Dir - look around, f - activate You conjure some foxfire!
Your foxfire dissipates!
The foxfire hits the orc wizard.
The orc wizard is lightly wounded.
The orc wizard casts a spell at you. You resist with significant effort.
You don't have enough magic to cast this spell.
The orc wizard mumbles some strange words.
The orc wizard flickers and vanishes!
Deactivating autopickup; reactivate with Ctrl-A.
Something hits you.
You hear some strange, mumbled words.
A puff of flame appears from out of thin air!
The puff of flame hits you.
A magic dart appears from out of thin air!
The magic dart hits you.
* * * LOW HITPOINT WARNING * * *
There are monsters nearby!
Casting: Foxfire (safe; 10% risk of failure)
Press: ? - help, Q - select action Dir - look around, f - activate You conjure some foxfire!
Your foxfire dissipates!
Something hits you.
You die...

.##..##..## #.##.#### #o###.
.##..##..# #.##.##.# #.....
.##..##..#####.##(##.# #K###.
..................##.#######.###.
###.......####...................
.....................#######.####
####.##.................K.o......
#.##..########K##.#########.##
...#.......§v@{.o.# ...
≈≈~~##############.# .. ##...#
#.# ## #.# ###


You could see an orc and a kobold.

Vanquished Creatures
  An orc (D:2)
  A ball python (D:2)
2 creatures vanquished.

Vanquished Creatures (others)
  5 foxfires (D:2)
5 creatures vanquished.

Grand Total: 7 creatures vanquished

Notes
Turn   | Place    | Note
-------+----------+-------------------------------------------
     0 | D:1      | 4Burning the Human Fire Elementalist began the quest for
                  | the Orb.
     0 | D:1      | Reached XP level 1. HP: 13/13 MP: 3/3
   123 | D:2      | Noticed an orc wizard
   167 | D:2      | Slain by an orc wizard

Illustrated notes

Levels and vault maps discovered:
D:1:      dpeg_arrival_pits, layout_basic, ebering_ecumenical_altar_petrified
D:2:      layout_basic, serial_shops, nicolae_diamond_shop,
          chequers_serial_rivers_micro_b, minmay_fountain_box,
          minmay_door_square

Action                   || total
-------------------------++-------
 Cast: Foxfire           ||     6
Dodge: Dodged            ||     1
